 Dungeon Crawl Stone Soup version 0.30-b1-2-g02819fbbbe (webtiles) character file.

Game seed: 1270243156422171020

73 marcio the Chopper (level 4, 0/38 HPs)
             Began as a Hill Orc Reaver on Dec 10, 2023.
             Slain by Natasha (7 damage)
             ... on level 2 of the Dungeon.
             The game lasted 00:11:05 (1209 turns).

marcio the Chopper (Hill Orc Reaver)                Turns: 1209, Time: 00:11:06

Health: 0/38       AC:  6    Str: 16    XL:     4   Next: 27%
Magic:  6/6        EV: 11    Int: 13    God:
Gold:   233        SH:  0    Dex:  9    Spells: 5/6 levels left

rFire   . . .        a - +0 hand axe
rCold   . . .        (no shield)
rNeg    . . .        b - +0 leather armour
rPois   .            k - +1 helmet
rElec   .            o - +0 cloak
rCorr   .            (no gloves)
SInv    .            (no boots)
Will    +....        (no amulet)
Stlth   +            g - ring of willpower
HPRegen 0.26/turn    (no ring)
MPRegen 0.10/turn

%: no passive effects
@: no status effects
A: no striking features
a: no special abilities


You were on level 2 of the Dungeon.
You visited 1 branch of the dungeon, and saw 2 of its levels.

You collected 233 gold pieces.

Inventory:

Hand Weapons
 a - a +0 hand axe (weapon)
Missiles
 i - 3 poisoned darts
Armour
 b - a +0 leather armour (worn)
 j - a +0 leather armour
 k - a +1 helmet (worn)
 o - a +0 cloak (worn)
Jewellery
 g - a ring of willpower (left hand)
Scrolls
 c - 2 scrolls of fear {unknown}
 e - 5 scrolls of identify {unknown}
 f - a scroll of summoning {unknown}
 m - a scroll of enchant armour {unknown}
 q - a scroll of noise {unknown}
 r - a scroll of vulnerability {unknown}
Potions
 d - 2 potions of lignification {unknown}
 h - 2 potions of brilliance {unknown}
 l - a potion of invisibility {unknown}
 n - a potion of degeneration {unknown}
 p - a potion of curing {unknown}


   Skills:
 + Level 3.0 Fighting
 + Level 4.9 Axes
 + Level 1.7 Armour
 + Level 1.8 Dodging
 + Level 1.6 Spellcasting
 + Level 3.5 Conjurations


You had 5 spell levels left.
You knew the following spells:

 Your Spells              Type           Power      Damage    Failure   Level
a - Kiss of Death         Conj/Necr      20%        2d7       16%         1

Your spell library contained the following spells:

 Spells                   Type           Power      Damage    Failure   Level
 Momentum Strike          Conj/Tloc      10%        3d8       24%         2
 Hailstorm                Conj/Ice       5%         3d4       43%         3


Dungeon Overview and Level Annotations

Branches:
Dungeon (2/15)

Altars:

Annotations:
D:2 Natasha


Message History

Natasha claws you but does no damage. The cerulean imp barely misses you.
Natasha barely misses you.
You barely miss Natasha.
Natasha is severely wounded.
Natasha claws you. The cerulean imp closely misses you.
You barely miss Natasha.
Natasha is severely wounded.
Natasha claws you but does no damage.
The cerulean imp hits you from afar with a +1 spear.
Natasha closely misses you.
You miss Natasha.
Natasha is severely wounded.
Natasha claws you. The cerulean imp closely misses you.
You hit Natasha but do no damage.
Natasha is severely wounded.
Natasha claws you. The cerulean imp closely misses you. Natasha claws you.
You hit Natasha but do no damage.
Natasha is severely wounded.
Natasha claws you but does no damage.
The cerulean imp hits you from afar with a +1 spear.
You closely miss Natasha.
Natasha is severely wounded.
Natasha closely misses you.
The cerulean imp hits you from afar with a +1 spear.
Natasha completely misses you.
Natasha growls.
Natasha claws you.
* * * LOW HITPOINT WARNING * * *
Natasha attacks as you move away! Natasha barely misses you.
Natasha casts a spell at you. The magic dart hits you.
* * * LOW HITPOINT WARNING * * *
The cerulean imp barely misses you.
The cerulean imp disappears in a puff of smoke!
Natasha wildly gestures.
Natasha shimmers violently.
You closely miss Natasha.
Natasha is severely wounded.
Natasha claws you!
You die...

##.#..#.####
#.##.....#
........## # #.....#
#...##....## ...
...# ###...# .. ###
#.#.# . #.#.####.#.
#.#........
###.####....# ##
#..@......#.##.
#..#h.###......
#.##..#....... # ...
#.ยง....#..########
#.#
#..#..###.##.....#
...
##.##..###.#.......
.#
#..##............>.
#...###.##..........
....#.#
#...#..)......


You could see Natasha (fast).

Vanquished Creatures
  3 adders (D:2)
  2 dart slugs
  3 endoplasms (D:1)
  2 giant cockroaches (D:1)
  5 goblins (D:1)
  5 hobgoblins
  3 jackals (D:1)
  4 quokkas
  3 ball pythons
  2 bats (D:1)
  3 frilled lizards (D:2)
  2 kobolds (D:2)
  3 rats
40 creatures vanquished.

Vanquished Creatures (others)
  9 fungi (D:1)
  4 toadstools (D:1)
13 creatures vanquished.

Grand Total: 53 creatures vanquished

Notes
Turn   | Place    | Note
-------+----------+-------------------------------------------
     0 | D:1      | marcio the Hill Orc Reaver began the quest for the Orb.
     0 | D:1      | Reached XP level 1. HP: 18/18 MP: 3/3
    86 | D:1      | Reached XP level 2. HP: 16/25 MP: 4/4
   352 | D:1      | Reached XP level 3. HP: 25/29 MP: 5/5
   915 | D:2      | Reached skill level 1 in Armour
  1060 | D:2      | Reached XP level 4. HP: 32/37 MP: 6/6
  1191 | D:2      | Noticed Natasha
  1209 | D:2      | Slain by Natasha

Illustrated notes

Levels and vault maps discovered:
D:1:      erik_arrival_orb_chamber, layout_basic, minmay_gold_behind_fungi
D:2:      layout_rooms, uniq_natasha, uniq_crazy_yiuf_cottage

Skill      XL: |  1  2  3  4 |
---------------+-------------+-----
Armour         | 1 |  1.7
Fighting       | 3 |  3.0
Axes           | |  4.9
Dodging        | |  1.8
Spellcasting   | |  1.6
Conjurations   | |  3.5

Action                     |  1- 3 |  4- 6 || total
---------------------------+-------+-------++-------
  Melee: Hand axe          |   128 |    22 ||   150
   Cast: Kiss of Death     |     1 |       ||     1
 Armour: Leather armour    |    54 |     7 ||    61
  Dodge: Dodged            |    97 |    18 ||   115
